cohdb
Replays
Latest Replays
All Replays
Popular Replays
Top Player Replays
Match Explorer
How It Works
Community
CoH3 Stats
Reddit
Sign in to upload your games and track your stats! →
Sign in with Steam
Match 43307019
Unlisted
Match 43307019
Overview
Messages
Build Orders
End
Kettenkrad Recon Vehicle
Construct Infanterie Kompanie
MG 42 Machine Gun Team
Selects Terror Battlegroup
Selects Machine Gun Camouflage
Grenadier Squad
GrW 34 Mortar Team
Construct Luftwaffe Kompanie
Support Elements
MG 42 Machine Gun Team
MG 42 Bunker
Jäger Squad
Wirbelwind Flakpanzer
Kettenkrad Recon Vehicle
Selects Contempt for the Weak
Selects Propaganda Leaflet Drop
Jäger Squad
Guderian ITA
Karl3X
0
0
Comments
sign in to comment!
No comments posted yet!